AoeStats
← PNAL | Mr.Costas

Arena

510418551Analyzed
1v1 RM · 19h ago on Sep 30, 2026· 37m 4s· 2 players
Game mode
Random Map
Map size
Tiny (2 player)
Population
200
Speed
Normal
Resources
Standard
Victory
Conquest
Starting age
Dark Age
Ending age
Imperial Age
RankedLock teamsTeams togetherTeam positionsShared explorationLock speedFull tech treeHidden civsTurbo modeCheats
Victory
Defeat
🇲🇽 Britons · Mexico
1613
+14
🇪🇸 Shu · Spain
1566
-14
PNAL | Mr.Costas
4:22 Loom
10:10 Feudal Age
13:55 Castle Age
12:06 Double-Bit Axe
12:30 Horse Collar
20:14 Bow Saw
21:22 Wheelbarrow
22:33 Hand Cart
27:01 Imperial Age
24:39 Gold Mining
24:54 Fletching
25:42 Heavy Plow
25:38 Bodkin Arrow
25:44 Padded Archer Armor
26:07 Ballistics
27:35 Gold Shaft Mining
27:12 Masonry
27:08 Stone Mining
26:51 Crossbowman
29:30 Two-Man Saw
28:36 Bracer
30:28 Chemistry
29:20 Arbalester
30:48 Leather Archer Armor
31:01 Siege Engineers
32:23 Ring Archer Armor
32:01 Thumb Ring
34:37 Elite Skirmisher
36:38 Onager
Moris )
10:44 Feudal Age
11:55 Double-Bit Axe
14:39 Castle Age
13:07 Horse Collar
16:10 Bow Saw
19:43 Wheelbarrow
26:47 Imperial Age
26:53 Imperial Age
24:16 Fletching
24:27 Padded Archer Armor
24:41 Heavy Plow
25:22 Gold Mining
25:22 Stone Mining
25:38 Bodkin Arrow
25:58 Leather Archer Armor
26:07 Ballistics
26:44 Hand Cart
27:23 Yeomen
27:50 Gold Shaft Mining
27:35 Bracer
28:47 Chemistry
27:24 Crossbowman
28:36 Conscription
28:03 Arbalester
31:37 Ring Archer Armor
33:03 Warwolf
35:48 Elite Skirmisher
Connection lost

Rejoining the realm…

Still unreachable

The connection could not be restored.

Session expired

The server has moved on; the page needs a fresh start.